 Dungeon Crawl Stone Soup version 0.31.0-32-g396128a36d (webtiles) character file.

Game seed: 4512648652683425471

18701 Cheops the Unseen (level 12, -1/86 HPs)
             Began as an Octopode Shapeshifter on Mar 18, 2024.
             Was an Elder of Wu Jian.
             Killed from afar by Lodul (27 damage)
             ... with a bolt of lightning
             ... on level 12 of the Dungeon.
             The game lasted 00:45:39 (9714 turns).

Cheops the Unseen (Octopode Shapeshifter)           Turns: 9714, Time: 00:45:40

Health: -1/86      AC: 13    Str: 22    XL:     12   Next: 61%
Magic:  18/18      EV: 20    Int: 13    God:    Wu Jian [****..]
Gold:   487        SH:  0    Dex: 12    Spells: 13/19 levels left

rFire   . .          .
                       - Unarmed
rCold   + . .        (shield currently unavailable)
rNeg    . . .        (helmet currently unavailable)
rPois   +            v - amulet of magic regeneration
rElec   .            n - +5 ring of evasion
rCorr   .            p - ring of protection from cold
SInv    .            t - +5 ring of evasion
Will    .....        q - ring of poison resistance
Stlth   ++++++       k - +4 ring of protection
HPRegen 0.34/turn    (no ring)
MPRegen 0.56/turn    E - ring of wizardry
                     F - ring of flight

%: wizardry (x1)
@: about to teleport, snake-form, flying, studying Stealth
A: constrict, boosted hp, almost no armour, amphibious, 8 rings, large,
(camouflage 1), (gelatinous body 1), (nimble swimmer 1), (tentacles)
a: Begin Untransformation, Renounce Religion, Wall Jump, Serpent's Lash


You were on level 12 of the Dungeon.
You worshipped Wu Jian.
Wu Jian was greatly pleased with you.
You were an enormous serpent.
You visited 2 branches of the dungeon, and saw 13 of its levels.

You collected 487 gold pieces.

Inventory:

Magical Staves
 b - a staff of alchemy
Jewellery
 k - a +4 ring of protection (on tentacle)
 l - a ring of fire
 n - a +5 ring of evasion (left tentacle)
 p - a ring of protection from cold (right tentacle)
 q - a ring of poison resistance (on tentacle)
 t - a +5 ring of evasion (on tentacle)
 v - an amulet of magic regeneration (around neck)
 E - a ring of wizardry (on tentacle)
 F - a ring of flight (on tentacle)
 N - a ring of ice
 P - an amulet of faith
Talismans
 c - a beast talisman
 d - a flux talisman
 e - a blade talisman
 f - a serpent talisman (active)
Wands
 s - a wand of mindburst (19)
 w - a wand of paralysis (8)
 I - a wand of digging (4)
 K - a wand of acid (6)
Scrolls
 j - 2 scrolls of fog
 m - a scroll of summoning {unknown}
 o - 2 scrolls of immolation
 r - 2 scrolls of fear {unknown}
 A - a scroll of amnesia
 B - 2 scrolls of silence
 G - 2 scrolls of vulnerability {unknown}
 J - a scroll of revelation
 O - a scroll of poison
 Q - a scroll of enchant weapon
Potions
 a - 3 potions of lignification
 g - a potion of enlightenment {unknown}
 h - 4 potions of might {unknown}
 u - a potion of magic {unknown}
 x - 4 potions of attraction
 y - 6 potions of curing {unknown}
 z - 3 potions of brilliance
 C - a potion of resistance {unknown}
 D - 2 potions of heal wounds {unknown}
 L - a potion of mutation {unknown}
 M - a potion of haste {unknown}
Miscellaneous
 H - a sack of spiders


   Skills:
 * Level 2.6 Fighting
 - Level 2.0 Dodging
 + Level 15.8 Stealth
 - Level 12.3 Unarmed Combat
 - Level 4.0 Spellcasting
 - Level 3.0 Conjurations
 - Level 4.0 Translocations
 - Level 8.0 Evocations
 - Level 10.0 Shapeshifting


You had 13 spell levels left.
You knew the following spells:

 Your Spells              Type           Power      Damage    Failure   Level
l - Lesser Beckoning      Tloc           26%        N/A       2%          2
m - Momentum Strike       Conj/Tloc      22%        3d8       3%          2
B - Blink                 Tloc           26%        N/A       2%          2

Your spell library contained the following spells:

 Spells                   Type           Power      Damage    Failure   Level
 Chain Lightning          Conj/Air       3%         3d4       100%        9
 Fire Storm               Conj/Fire      3%         8d1       100%        9
 Shatter                  Erth           1%         3d5*      100%        9


Dungeon Overview and Level Annotations

Branches:
Dungeon (12/15)            Temple (1/1) D:5            Lair (0/5) D:8
    Orc (0/2) D:12

Altars:
Ashenzari
Cheibriados
Dithmenos
Elyvilon
Fedhas
Gozag
Hepliaklqana
Kikubaaqudgha
Makhleb
Nemelex Xobeh
Okawaru
Qazlal
Ru
Sif Muna
Trog
Uskayaw
Vehumet
Wu Jian
Xom
Yredelemnul
Zin
The Shining One

Shops:
D:2 [   D:10 :

Annotations:
D:12 Lodul


Innate Abilities, Weirdness & Mutations

You are an enormous serpent.
You have a powerful constriction melee attack.
Your maximum health is increased.
Your armour is entirely melded.
You are incapable of wielding weapons or throwing items.
You cannot wear most types of armour.
You are amphibious.
You can wear up to eight rings at the same time.
((Your skin changes colour to match your surroundings (Stealth+).))
((Your rubbery body absorbs attacks. (AC +1, EV +1)))
((You are camouflaged when in or above water. (Stealth+)))
((You have tentacles for arms and can constrict up to eight enemies at once.))


Message History

Aiming: Corrosive Bolt
Press: ? - help, Shift-Dir - straight line The bolt of acid hits the warg!
The acid corrodes the warg!
The warg is heavily wounded.
The bolt of acid hits the ogre!
The ogre is heavily wounded.
The bolt of acid hits the ogre!!
The acid corrodes the ogre!
The ogre is severely wounded.
The bolt of acid hits the ogre!!
The acid corrodes the ogre!
The ogre is severely wounded.
The orc priest mumbles some strange prayers to Beogh against you.
Beogh smites you!
* * * LOW HITPOINT WARNING * * *
The warg bites you!
* * * LOW HITPOINT WARNING * * *
The orc priest miscasts a cantrip.
The warg bites you.
* * * LOW HITPOINT WARNING * * *
Unknown command.
Unknown command.
Unknown command.
Okay, then.
Okay, then.
As you read the scroll of teleportation, it crumbles to dust.
You feel strangely unstable. The warg bites you!
* * * LOW HITPOINT WARNING * * *
Unknown command.
Unknown command.
Unknown command.
Unknown command.
You body-slam the warg!!
You kill the warg!
The Council accepts your kill.
Unknown command.
You barely miss the ogre. You grab the ogre.
The ogre is severely wounded.
You constrict the ogre.
Electricity crackles from Lodul's apparatus.
The bolt of lightning hits you!!
You die...

o.o##..#..........#
O..O......o.......###
......(..Wo..........
.##......OoOo.......
.....
.##....#..OoO...#..
....#
.......#####).O##
##...# .......#
##OOO# ##...##
.....###
###O###.....# .....#
#.S#......# ######
##........#
##.......# #.......#
#.......# ##......##
#.......# #.......#
##.......#


You could see Lodul, a wraith, 8 ogres, an orc priest, an orc wizard and 3 orcs.

Vanquished Creatures
  A hydra (D:8)
  Erica (D:9)
  A boulder beetle (D:8)
  5 two-headed ogres
  A deep elf zephyrmancer (D:10)
  An ugly thing (D:11)
  A manticore (D:11)
  Maurice (D:10)
  Jeremiah (D:6)
  An unseen horror (D:10)
  2 kobold demonologists
  2 trolls
  2 hornets (D:10)
  A shadow (D:10)
  Sigmund (D:6)
  3 wraiths
  2 vampires (D:11)
  22 yaks
  A warg (D:12)
  4 wyverns
  2 steam dragons
  3 vampire mosquitoes (D:11)
  2 water moccasins
  2 acid dragons (D:8)
  4 orc warriors
  5 black bears
  2 sky beasts
  7 centaurs
  2 ogres
  5 kobold brigands
  A gnoll sergeant (D:10)
  5 bullfrogs (D:8)
  2 scorpions (D:5)
  3 wights (D:9)
  16 killer bees
  3 howler monkeys (D:7)
  5 hounds
  10 orc priests
  A gnoll bouda (D:5)
  An iguana (D:5)
  2 sleepcaps (D:7)
  Ijyb (D:4)
  Terence (D:3)
  Natasha (twice) (D:4)
  13 orc wizards
  10 adders
  5 gnolls
  2 shadow imps
  3 white imps
  6 ribbon worms
  28 orcs
  5 bats
  8 endoplasms
  4 giant cockroaches
  7 goblins
  6 hobgoblins
  6 jackals
  22 kobolds
  7 quokkas
  6 ball pythons
  4 frilled lizards
  3 rats
286 creatures vanquished.

Vanquished Creatures (others)
  A killer bee (D:8)
1 creature vanquished.

Grand Total: 287 creatures vanquished

Notes
Turn   | Place    | Note
-------+----------+-------------------------------------------
     0 | D:1      | Cheops the Octopode Shapeshifter began the quest for the
                  | Orb.
     0 | D:1      | Reached XP level 1. HP: 13/13 MP: 1/1
   186 | D:1      | Reached XP level 2. HP: 17/18 MP: 2/2
   420 | D:1      | Reached XP level 3. HP: 15/23 MP: 3/3
   986 | D:2      | Found a faded altar of an unknown god.
  1040 | D:2      | Reached XP level 4. HP: 28/28 MP: 4/4
  1252 | D:2      | Found Taeducun's Antique Armour Shop.
  1309 | D:3      | Found a glowing silver altar of Zin.
  1457 | D:3      | Reached skill level 5 in Unarmed Combat
  1523 | D:3      | Found a stormy altar of Qazlal.
  1557 | D:3      | Noticed Terence
  1564 | D:3      | Killed Terence
  1565 | D:3      | Reached XP level 5. HP: 28/33 MP: 5/5
  1984 | D:3      | Found an ancient bone altar of Kikubaaqudgha.
  2318 | D:4      | Noticed Natasha
  2327 | D:4      | Killed Natasha
  2332 | D:4      | Noticed Natasha
  2339 | D:4      | Killed Natasha
  2569 | D:4      | Reached XP level 6. HP: 38/38 MP: 6/6
  2706 | D:4      | Reached skill level 5 in Shapeshifting
  2709 | D:4      | Noticed Ijyb
  2722 | D:4      | Killed Ijyb
  2796 | D:5      | Entered Level 5 of the Dungeon
  2994 | D:5      | Found a staircase to the Ecumenical Temple.
  3027 | D:5      | Reached XP level 7. HP: 33/43 MP: 7/7
  3040 | Temple   | Entered the Ecumenical Temple
  3069 | Temple   | Became a worshipper of the Wu Jian Council
  3480 | D:6      | Noticed Sigmund
  3494 | D:6      | Killed Sigmund
  3495 | D:6      | Reached XP level 8. HP: 48/48 MP: 8/8
  4127 | D:6      | Noticed a wyvern
  4141 | D:6      | Killed a wyvern
  4164 | D:6      | Noticed Jeremiah
  4267 | D:6      | Killed Jeremiah
  4268 | D:6      | Reached skill level 10 in Shapeshifting
  4268 | D:6      | Reached XP level 9. HP: 43/53 MP: 9/9
  4509 | D:6      | Reached * piety under Wu Jian
  5398 | D:7      | Found an iron altar of Okawaru.
  5652 | D:7      | Learned a level 2 spell: Blink
  5655 | D:7      | Learned a level 2 spell: Lesser Beckoning
  5658 | D:7      | Learned a level 2 spell: Momentum Strike
  5777 | D:8      | Noticed a boulder beetle
  5785 | D:8      | Noticed a six-headed hydra
  5792 | D:8      | Found a staircase to the Lair.
  5936 | D:8      | Reached XP level 10. HP: 58/58 MP: 10/10
  5945 | D:8      | Reached ** piety under Wu Jian
  5956 | D:8      | Reached skill level 10 in Unarmed Combat
  5969 | D:8      | Killed a six-headed hydra
  6350 | D:8      | Killed a boulder beetle
  6395 | D:8      | Found a white marble altar of Elyvilon.
  6396 | D:8      | Found a shimmering blue altar of Sif Muna.
  6542 | D:9      | Noticed Erica
  6556 | D:9      | Killed Erica
  6557 | D:9      | Reached skill level 4 in Stealth
  6667 | D:9      | Reached skill level 1 in Spellcasting
  6667 | D:9      | Reached skill level 1 in Translocations
  6747 | D:9      | Reached skill level 5 in Stealth
  6747 | D:9      | Reached skill level 1 in Conjurations
  6747 | D:9      | Reached XP level 11. HP: 63/63 MP: 11/13
  6923 | D:9      | Reached skill level 6 in Stealth
  7079 | D:9      | Reached *** piety under Wu Jian
  7134 | D:9      | Identified the +9 trident "Neyzufur" {flame, rN+}
  7299 | D:10     | Entered Level 10 of the Dungeon
  7332 | D:10     | Paralysed by a hornet for 1 turns
  7443 | D:10     | Reached skill level 7 in Stealth
  7486 | D:10     | Noticed Maurice
  7492 | D:10     | Killed Maurice
  7586 | D:10     | Reached skill level 8 in Stealth
  7603 | D:10     | Reached skill level 9 in Stealth
  7646 | D:10     | Noticed a two-headed ogre
  7653 | D:10     | Killed a two-headed ogre
  7654 | D:10     | Reached skill level 11 in Stealth
  7661 | D:10     | Reached **** piety under Wu Jian
  7677 | D:10     | Reached skill level 12 in Stealth
  7895 | D:10     | Noticed a deep elf zephyrmancer
  7905 | D:10     | Killed a deep elf zephyrmancer
  7906 | D:10     | Reached skill level 1 in Evocations
  7907 | D:10     | Noticed a two-headed ogre
  7912 | D:10     | Killed a two-headed ogre
  7925 | D:10     | Noticed a two-headed ogre
  7926 | D:10     | Noticed a two-headed ogre
  7933 | D:10     | Killed a two-headed ogre
  7934 | D:10     | Reached skill level 13 in Stealth
  7934 | D:10     | Reached XP level 12. HP: 59/68 MP: 18/18
  7938 | D:10     | Killed a two-headed ogre
  7939 | D:10     | Reached skill level 5 in Evocations
  8114 | D:10     | Found Zanotwiam's Book Shop.
  8475 | D:11     | Reached skill level 14 in Stealth
  8895 | D:11     | Reached skill level 15 in Stealth
  9619 | D:12     | Noticed a two-headed ogre
  9636 | D:12     | Killed a two-headed ogre
  9691 | D:12     | Noticed Lodul
  9692 | D:12     | Found a staircase to the Orcish Mines.
  9714 | D:12     | Killed from afar by Lodul

Illustrated notes

Levels and vault maps discovered:
D:1:      lightli_arrival_noodles, layout_basic,
          hangedman_abyss_or_decor_lesser_grid, minmay_misc_feat_tiny,
          minmay_cut_off
D:2:      layout_rooms, serial_shops, nicolae_shop_rolling_square,
          dreamdust_ecumenical_altar_grove
D:3:      layout_loops_ring, mainiacjoe_overflow_cross_hatched,
          mainiacjoe_overflow_swirl, uniq_terence
D:4:      layout_basic, uniq_ijyb, uniq_natasha
D:5:      layout_rooms, minmay_temple_entry_crystal_x, minmay_crystal_room
D:6:      layout_loops_corners, uniq_jeremiah, uniq_sigmund
D:7:      layout_cave_pods, hellmonk_okawaru_the_only_friend_you_need,
          serial_park_tiny_pond, nrook_pool_corridor, minmay_misc_feat_encased,
          serial_library_hellmonk_filled_rooms
D:8:      layout_cave_pools, gammafunk_temple_overflow_statue,
          due_lair_maze_entry_diamond, minmay_manual_monolith
D:9:      layout_long_grid, uniq_erica
D:10:     nzn_winding_woodlands_cross [nzn_winding_woodlands_5x15_crooked,
          nzn_winding_woodlands_5x15_sidewinder,
          nzn_winding_woodlands_5x15_twine, nzn_winding_woodlands_5x15_eye,
          nzn_winding_woodlands_15x15_eel_pit], layout_rooms, serial_shops,
          nicolae_shop_trees, uniq_maurice
D:11:     layout_gridville
D:12:     layout_cave_pods, erik_orc_4, uniq_lodul, uniq_erolcha
Temple:   compressed_dpeg_triangle_lava_temple

Skill      XL: |  1  2  3  4  5  6  7  8  9 10 11 12 |
---------------+-------------------------------------+-----
Unarmed Combat | 4 5 9 12 | 12.3
Shapeshifting  | 4 6 7 10 | 10.0
Stealth        | 5 13 15 | 15.8
Spellcasting   | 1 4 |  4.0
Translocations | 1 4 |  4.0
Conjurations   | 1 3 |  3.0
Evocations     | 4 8 |  8.0
Fighting       | 2 |  2.6
Dodging        | |  2.0

Action                     |  1- 3 |  4- 6 |  7- 9 | 10-12 || total
---------------------------+-------+-------+-------+-------++-------
  Melee: Unarmed           |    61 |   140 |   207 |   372 ||   780
         Constrict         |    13 |    40 |    50 |    78 ||   181
         Tentacles         |    10 |    35 |    39 |     3 ||    87
         Punch             |       |     6 |     3 |       ||     9
Ability: Begin Untransform |     1 |       |     1 |       ||     2
         Lunge             |       |       |    21 |    21 ||    42
  Evoke: Wand              |       |       |     2 |     1 ||     3
    Use: Scroll            |       |     4 |     7 |     4 ||    15
   Stab: Sleeping          |     1 |     8 |     1 |     7 ||    17
         Paralysed         |       |       |     3 |       ||     3
 Armour: Skin              |    20 |    28 |    55 |   128 ||   231
  Dodge: Dodged            |    30 |   120 |   160 |   317 ||   627
   Form: Beast             |     1 |       |       |       ||     1
         Flux              |       |       |     1 |     1 ||     2
         Serpent           |       |       |     1 |     1 ||     2
         Blade             |       |       |       |     1 ||     1
